 Dungeon Crawl Stone Soup version 0.25-a0-425-g0e000e855e (webtiles) character file.

Game seed: 11885023639395059462, levelgen mode: deterministic

289 Kohma the Changer (level 6, -4/47 HPs)
             Began as a Draconian Transmuter on Jan 24, 2020.
             Killed from afar by Ijyb (9 damage)
             ... with a burst of metal fragments
             ... on level 5 of the Dungeon.
             The game lasted 00:09:28 (3997 turns).

Kohma the Changer (Draconian Transmuter)            Turns: 3997, Time: 00:09:28

Health: -4/47      AC:  2    Str: 12    XL:     6   Next: 9%
Magic:  5/9        EV: 19    Int: 16    God:
Gold:   344        SH:  0    Dex: 16    Spells: 3/9 levels left

rFire    . . .     SeeInvis .     - Unarmed
rCold    . . .     Gourm    .   (shield currently unavailable)
rNeg     . . .     Faith    .   (armour unavailable)
rPois    x         Spirit   .   (helmet currently unavailable)
rElec    .         Reflect  .   (cloak currently unavailable)
rCorr    .         Harm     .   (gloves currently unavailable)
MR       .....                  (boots currently unavailable)
Stlth    +.........             (no amulet)
HPRegen  0.15/turn              (no ring)
MPRegen  0.11/turn              (no ring)

@: spider-form
A: tiny, unfitting armour, AC +6
a: End Transformation


You were on level 5 of the Dungeon.
You were not hungry.
You were a venomous arachnid creature.
You visited 1 branch of the dungeon, and saw 5 of its levels.

You collected 344 gold pieces.

Inventory:

Missiles
 a - 24 arrows
Armour
 s - a +1 shield
Jewellery
 b - an uncursed amulet of faith
 k - an uncursed amulet of rage {unknown}
Wands
 f - a wand of polymorph (12)
Scrolls
 d - a scroll of amnesia
 g - a scroll of remove curse
 i - a scroll of fear
 r - 2 scrolls of enchant weapon
Potions
 e - 2 potions of might {unknown}
 h - 2 potions of cancellation {unknown}
 j - a potion of mutation {unknown}
 l - 2 potions of degeneration {unknown}
 m - a potion of resistance {unknown}
 n - 2 potions of curing {unknown}
 o - a potion of heal wounds {unknown}
 p - a potion of invisibility
 q - a potion of berserk rage {unknown}
 t - 2 potions of brilliance {unknown}
Comestibles
 c - 9 rations
 u - 4 chunks of flesh


   Skills:
 - Level 1.1 Fighting
 - Level 1.7 Dodging
 - Level 3.0 Unarmed Combat
 - Level 2.0 Spellcasting
 + Level 6.3 Transmutations
 - Level 1.1 Poison Magic


You had 3 spell levels left.
You knew the following spells:

 Your Spells              Type           Power        Failure   Level  Hunger
a - Beastly Appendage     Tmut           ###...       7%          1    #......
b - Sticks to Snakes      Tmut           ###.....     9%          2    ###....
c - Spider Form           Tmut/Pois      ##........   32%         3    ###....

Your spell library contained the following spells:

 Spells                   Type           Power        Failure   Level  Hunger
 Blade Hands              Tmut           ###.......   63%         5    ######.
 Ice Form                 Ice/Tmut       ##......     71%         4    #####..


Dungeon Overview and Level Annotations

Branches:
Dungeon (5/15)             Temple (0/1) D:5

Altars:

Shops:
D:4 :

Annotations:
D:5 Ijyb


Innate Abilities, Weirdness & Mutations

((Your plain brown scales are hard. (AC +6)))
You cannot fit into any form of body armour.
((You are cold-blooded and may be slowed by cold attacks.))


Message History

The ogre closely misses you. Ijyb completely misses you.
You bite the ogre!
The ogre looks as sick as possible!
The ogre is almost dead.
You kill the ogre!
Your Transmutations skill increases to level 6!
You have reached level 6!
Your experience leads to an increase in your attributes!
Your base attributes are Str 12, Int 15, Dex 11.
Increase (S)trength, (I)ntelligence, or (D)exterity?
You feel clever.
Your scales feel tougher.
Ijyb zaps a wand.
The burst of metal fragments misses you. x6
The burst of metal fragments hits you!
* * * LOW HITPOINT WARNING * * *
The burst of metal fragments misses you.
You hit Ijyb but do no damage.
Ijyb is poisoned.
Ijyb zaps a wand.
The burst of metal fragments hits you!
* * * LOW HITPOINT WARNING * * *
The burst of metal fragments hits you!
You die...

.## #..# #...# ##.. ....
##. # ...#### ## ..
..?... .⌠.# ..#.#
.....#...# .>.⌠...#.#
.## #)s.# .... #..g#.#
#.
.....###.###############
#.#...............[....#
....##################..
.# ###


You could see Ijyb.

Vanquished Creatures
  An ogre (D:5)
  An orc priest (D:4)
  Jessica (D:2)
  An iguana (D:5)
  3 adders (D:3)
  An ooze (D:4)
  A worm (D:4)
  2 dart slugs (D:2)
  5 leopard geckos
  2 orcs (D:4)
  2 bats (D:1)
  5 giant cockroaches
  8 goblins
  9 hobgoblins
  4 jackals (D:5)
  2 kobolds (D:1)
  A quokka (D:4)
  3 frilled lizards
  A leopard gecko skeleton (D:4)
  6 rats
59 creatures vanquished.

Vanquished Creatures (collateral kills)
  Terence (D:3)
  A leopard gecko (D:2)
  A bat (D:3)
  A goblin (D:2)
  A kobold (D:2)
5 creatures vanquished.

Grand Total: 64 creatures vanquished

Notes
Turn   | Place    | Note
-------+----------+-------------------------------------------
     0 | D:1      | Kohma the Draconian Transmuter began the quest for the Orb.
     0 | D:1      | Reached XP level 1. HP: 16/16 MP: 3/3
    68 | D:1      | Reached XP level 2. HP: 17/23 MP: 1/5
    72 | D:1      | Learned a level 2 spell: Sticks to Snakes
   224 | D:1      | Reached skill level 3 in Transmutations
  1031 | D:1      | Reached XP level 3. HP: 28/28 MP: 6/6
  1036 | D:1      | Learned a level 3 spell: Spider Form
  1125 | D:2      | Noticed Jessica
  1133 | D:2      | Killed Jessica
  1133 | D:2      | Reached skill level 1 in Poison Magic
  1410 | D:2      | Reached skill level 4 in Transmutations
  1421 | D:2      | Reached XP level 4. HP: 33/35 MP: 5/7
  1940 | D:3      | Noticed Terence
  1950 | D:3      | Killed Terence
  3156 | D:4      | Reached skill level 5 in Transmutations
  3287 | D:4      | Reached XP level 5. HP: 40/40 MP: 4/8
  3502 | D:4      | Found Jiunkid's Book Shop.
  3880 | D:5      | Entered Level 5 of the Dungeon
  3989 | D:5      | Noticed an ogre
  3990 | D:5      | Noticed Ijyb
  3991 | D:5      | Found a staircase to the Ecumenical Temple.
  3996 | D:5      | Killed an ogre
  3996 | D:5      | Reached skill level 6 in Transmutations
  3996 | D:5      | Reached XP level 6. HP: 19/47 MP: 5/9
  3997 | D:5      | Killed from afar by Ijyb

Levels and vault maps discovered:
D:1:      minmay_arrival_nine_rooms, layout_basic
D:2:      layout_rooms, uniq_jessica
D:3:      layout_basic, uniq_terence
D:4:      layout_basic, first_ration, serial_shops, nicolae_shop_waterfront,
          serial_co_window_serial, co_window_paths_a,
          co_window_of_opportunity_a, co_window_corner_a,
          co_window_of_opportunity_a, co_window_of_opportunity_a,
          co_window_cross_3, co_window_corner_b, co_window_unsneaky_path_b,
          co_window_corner_b, co_window_broadway_b, co_window_unsneaky_path_e,
          glass_columns_b, glass_columns_b, glass_columns_c, glass_columns_b
D:5:      black_bear_nest_2, layout_rooms, minmay_temple_entry_sparse_star,
          basic_altar, eino_curves_04, uniq_ijyb

Skill      XL: |  1  2  3  4  5 |
---------------+----------------+-----
Transmutations | 3 4 5 6 |  6.3
Poison Magic   | 1 |  1.1
Fighting       | |  1.1
Dodging        | |  1.7
Unarmed Combat | |  3.0
Spellcasting   | |  2.0

Action                   |  1- 3 |  4- 6 || total
-------------------------+-------+-------++-------
Melee: Unarmed           |   101 |    95 ||   196
       Headbutt          |     4 |     2 ||     6
       Kick              |    10 |    11 ||    21
       Tailslap          |     6 |     4 ||    10
       Punch             |     1 |       ||     1
 Cast: Beastly Appendage |    19 |    14 ||    33
       Sticks to Snakes  |     1 |     5 ||     6
       Spider Form       |       |     5 ||     5
  Use: Scroll            |       |     8 ||     8
 Stab: Sleeping          |     1 |     1 ||     2
  Eat: Chunk             |     2 |     6 ||     8
       Ration            |       |     1 ||     1
Armor: Skin              |    28 |    23 ||    51
Dodge: Dodged            |    47 |    74 ||   121

Table legend:
 A = Non-vault XP
 B = Vault XP
 C = Vault XP percentage of total XP
 D = Non-vault monster count
 E = Vault monster count
 F = Vault count percentage of total count
                 A         B        C        D         E       F
            +---------+---------+-------+---------+---------+-------
      Total |     349 |      65 |  15.7 |      62 |       2 |   3.1
            +---------+---------+-------+---------+---------+-------
        D:1 |      41 |       0 |   0.0 |      24 |       0 |   0.0
        D:2 |      31 |      37 |  54.4 |      13 |       1 |   7.1
        D:3 |      47 |      28 |  37.3 |      10 |       1 |   9.1
        D:4 |      65 |       0 |   0.0 |       9 |       0 |   0.0
        D:5 |     165 |       0 |   0.0 |       6 |       0 |   0.0
            +---------+---------+-------+---------+---------+-------
